 Dungeon Crawl Stone Soup version 0.19-a0-1886-gd64a0f0 (webtiles) character file.

496207 pokedragonboy the Slayer (level 23, -9/237 HPs)
             Began as a Minotaur Fighter on Oct 16, 2016.
             Was an Initiate of Gozag.
             Blown up by an eye of devastation (27 damage)
             ... with a bolt of energy
             ... on level 5 of the Pits of Slime on Oct 17, 2016.
             The game lasted 03:05:44 (57835 turns).

pokedragonboy the Slayer (Minotaur Fighter)        Turns: 57835, Time: 03:06:13

Health: -9/237     AC: 24    Str: 43    XL:     23   Next: 96%
Magic:  17/26      EV: 29    Int: 15    God:    Gozag
Gold:   1357       SH:  2    Dex: 25    Spells: 0 memorised, 22 levels left

rFire  + + .     SeeInvis +     Z - +4 battleaxe (chop)
rCold  + + .     Gourm    .     Q - +3 gold dragon scales
rNeg   + . .     Faith    .     (shield currently unavailable)
rPois  +         Spirit   .     P - +3 crown of Dyrovepreva {rElec Int+2 SInv}
rElec  +         Dismiss  .     h - +0 cloak of Space {rElec rCorr Dex+6 Stlth-}
rCorr  +         Reflect  +     q - +1 pair of gloves
MR     ++++.     Harm     .     d - +1 pair of boots {Fly}
Stlth  ..........               A - +2 amulet of reflection
                                y - ring of Voynekhud {*Drain rElec Str+6 Dex+4 Stlth+}
                                e - ring of Bunuleg {*Drain rN+ MR+++ Str+2 Int+2}

@: mighty, brilliant, agile, exhausted, resistant, corroded, gold aura, flying,
very slightly contaminated, invisible
A: retaliatory headbutt, horns 2, low mp 1
a: Potion Petition, Call Merchant, Bribe Branch, Renounce Religion
}: 2/15 runes: decaying, serpentine


You were on level 5 of the Pits of Slime.
You worshipped Gozag.
Gozag was most pleased with you.
You were hungry.

You visited 10 branches of the dungeon, and saw 47 of its levels.
You also visited: Sewer and Bailey.

You collected 24278 gold pieces.
You spent 5854 gold pieces at shops.
You paid 17067 gold pieces to Gozag.

Inventory:

Hand Weapons
 x - a +2 arbalest of freezing
 Z - a +4 battleaxe of chopping (weapon)
Missiles
 k - 46 tomahawks of returning (quivered)
 r - 3 throwing nets
 F - 1504 bolts
 O - 27 tomahawks
Armour
 d - a +1 pair of boots of flying (worn)
 h - the +0 cloak of Space (worn) {rElec rCorr Dex+6 Stlth-}
   (You found it on level 1 of the Depths)

   It affects your dexterity (+6).
   It insulates you from electricity.
   It protects you from acid and corrosion.
   It makes you less stealthy.
 q - a +1 pair of gloves (worn)
 P - the +3 crown of Dyrovepreva (worn) {rElec Int+2 SInv}
   (You found it on level 4 of the Depths)

   It affects your intelligence (+2).
   It insulates you from electricity.
   It lets you see invisible.
 Q - +3 gold dragon scales (worn)
Jewellery
 e - the ring of Bunuleg (left hand) {*Drain rN+ MR+++ Str+2 Int+2}
   (You bought it in a shop on level 1 of the Depths)

   [ring of positive energy]

   It affects your strength (+2).
   It affects your intelligence (+2).
   It protects you from negative energy.
   It affects your resistance to hostile enchantments.
   It causes draining when unequipped.
 y - the ring of Voynekhud (right hand) {*Drain rElec Str+6 Dex+4 Stlth+}
   (You bought it in a shop on level 12 of the Dungeon)

   [ring of dexterity]

   It affects your strength (+6).
   It affects your dexterity (+4).
   It insulates you from electricity.
   It causes draining when unequipped.
   It makes you more stealthy.
 A - a +2 amulet of reflection (around neck)
Wands
 v - a wand of disintegration (10/24)
 C - a wand of hasting (9/9)
 D - a wand of hasting (5/9)
 J - a wand of acid (7/15)
 L - a wand of teleportation (9/9)
 N - a wand of heal wounds (0/9)
Scrolls
 a - 10 scrolls of identify
 i - 8 scrolls of fear
 m - 22 scrolls of remove curse
 s - 13 scrolls of teleportation
 E - a scroll of fog
 M - 4 scrolls of immolation
 R - 2 scrolls of blinking
 V - 2 scrolls of magic mapping
 W - 2 scrolls of summoning
Potions
 b - 2 potions of cure mutation
 c - 8 potions of brilliance
 o - 7 potions of ambrosia
 t - 5 potions of flight
 u - a potion of haste
 z - 3 potions of agility
 B - 3 potions of magic
 K - 2 potions of cancellation
 U - 2 potions of invisibility
Miscellaneous
 g - a phial of floods
 j - a box of beasts
 G - 2 sacks of spiders
 S - a disc of storms
 X - a lamp of fire
Comestibles
 f - 10 bread rations
 p - 9 meat rations
 H - 6 fruits


   Skills:
 * Level 26.2 Fighting
 + Level 23.1 Axes
 + Level 15.7 Crossbows
 - Level 3.1 Throwing
 + Level 19.9 Armour
 + Level 18.1 Dodging
   Level 4.3 Shields
 + Level 10.2 Evocations


You had 22 spell levels left.
You didn't know any spells.

Dungeon Overview and Level Annotations

Branches:
Dungeon (15/15)            Temple (1/1) D:5            Lair (6/6) D:11
  Swamp (4/4) Lair:2        Snake (4/4) Lair:4        Slime (5/5) Lair:5
    Orc (2/2) D:9             Elf (3/3) Orc:2        Vaults (2/5) D:13
  Crypt (0/3) Vaults:2     Depths (5/5) D:15            Zot (0/5) Depths:5

Altars:
Ashenzari
Cheibriados
Dithmenos
Elyvilon
Fedhas
Gozag
Hepliaklqana
Kikubaaqudgha
Makhleb
Nemelex Xobeh
Okawaru
Qazlal
Ru
Sif Muna
Trog
Uskayaw
Vehumet
Xom
Yredelemnul
Zin
The Shining One
Beogh
Jiyva

Shops:
D:5 %   D:7 :   D:10 =   D:11 [   D:12 *   D:13 (   D:15 *   Orc:1 *
Orc:2 ([!%   Elf:1 [   Snake:2 :   Snake:4 [[   Vaults:2 [   Depths:1 =

Portals:
Hell: Depths:1 Depths:2 Depths:3 Depths:4 Depths:5
Abyss: Depths:4
Pandemonium: Depths:1 Depths:3 Depths:4
Ziggurat: Depths:5

Annotations:
Elf:2 3 runed doors


Innate Abilities, Weirdness & Mutations

You reflexively headbutt those who attack you in melee.
You have a pair of horns on your head.
Your magical capacity is low. (-10% MP)


Message History

As you read the scroll of blinking, it crumbles to dust.
Your surroundings suddenly seem different.
An eye of devastation comes into view.
The eye of devastation turns its gaze towards you.
An eye of devastation comes into view.
The eye of devastation turns its gaze towards you.
An eye of draining and an eye of devastation come into view.
Okay, then. [a] - 696 gold - flight, agility, invisibility, resistance and might [b] - 276 gold - might, agility and brilliance [c] - 450 gold - resistance, might and agility Purchase which effect?
You no longer have enough gold to fund merchants seeking to open stores in the dungeon.
You feel more buoyant.
You feel more agile all of a sudden.
You fade into invisibility!
You feel protected.
You feel mightier all of a sudden.
The eye of devastation pulsates ominously.
The eye of devastation gazes at you. The bolt of energy hits you!
You die...

,,,,,,,,,,,,,,,,,,***$**,,**,**,,
*,,,,,,,,...............*,****,,,
***,,,,,,...............,,*,**,,,
**,,,,,...............,,,,,,,,,
*,,,,,......G........,,,,,,,,,
*,,,,,...............,,,,,,,,,
*,,,,,...............,,,,,,,,,
**,,,,...............,,,,,,,,,
*,,,,.......@.......,,,,,,,,,
***,,...............,,,,,,,,,
*,*......G........,,,,,,,,,
***##..G..........,,,,,,,,,
#..............,,,,,,,,,
###.#G.........,,,,,,,,,
####.........,,,,,,,,,
#.#.......,,*,*,,,,
****,*,,,,,,,******


You could see 3 eyes of devastation and an eye of draining.

Vanquished Creatures
  the Royal Jelly (Slime:5)
  A juggernaut (Depths:3)
  4 golden dragons
  A bone dragon (Depths:5)
  Rupert (D:14)
  2 liches
  A titan (Depths:1)
  2 quicksilver dragons (Depths:4)
  3 deep elf master archers (Elf:3)
  A deep elf blademaster (Elf:3)
  11 acid blobs
  Agnes (Snake:1)
  A thorn hunter (Swamp:3)
  The ghost of Bailgrim the Black Belt, an adept DsTm of Okawaru (Snake:2)
  5 sphinxes
  A shadow dragon (Depths:3)
  9 nagarajas
  3 storm dragons (Depths:5)
  5 tengu reavers
  6 fire giants
  12 azure jellies
  5 vault wardens
  12 frost giants
  8 deep elf sorcerers
  3 orc warlords
  Aizul (Snake:2)
  A draconian shifter (Depths:5)
  Louise (Swamp:4)
  2 iron dragons
  8 deep elf elementalists (Elf:3)
  A draconian annihilator (Depths:5)
  A juggernaut zombie (Depths:2)
  A ghoul (Vaults:2)
  21 stone giants
  An entropy weaver (Vaults:1)
  30 very ugly things
  4 ironheart preservers
  2 spriggan defenders (Depths:3)
  3 vampire knights
  2 mottled draconians (Depths:5)
  7 deep elf annihilators (Elf:3)
  A black draconian (Depths:5)
  3 white draconians (Depths:5)
  A dire elephant (Lair:6)
  2 deep elf demonologists (Elf:3)
  A yellow draconian (Depths:5)
  6 deep elf death magi
  8 spark wasps
  3 jiangshi
  2 death oozes (Slime:5)
  9 ettins
  2 blizzard demons
  2 merfolk impalers
  17 yaktaur captains
  7 fire dragons
  Erolcha (D:9)
  9 deep elf high priests (Elf:3)
  14 great orbs of eyes
  19 hydras
  Harold (D:10)
  A hell beast (Depths:4)
  3 vault guards
  22 naga warriors
  10 ice dragons
  5 rakshasas
  3 catoblepae
  7 spriggan air magi
  2 ghost crabs
  9 anacondas
  2 death knights (Vaults:2)
  10 centaur warriors
  4 tengu warriors
  8 alligators
  4 deep troll shamans
  9 ogre magi
  9 spriggan berserkers
  10 deep troll earth magi
  Urug (D:13)
  9 shock serpents
  2 orc high priests (Elf:2)
  4 vampire magi
  11 death yaks
  A soul eater (Depths:4)
  11 naga sharpshooters
  19 deep elf knights
  3 sun demons
  The ghost of scalarboson the Carver, a novice MiFi of Ru (D:7)
  A fire crab (shapeshifter) (Vaults:2)
  2 salamander mystics
  A shadow wraith (Vaults:2)
  7 hell knights
  15 skeletal warriors
  2 unseen horrors
  A spriggan druid (Swamp:4)
  An obsidian statue (Depths:4)
  2 flayed ghosts
  12 deep trolls
  A sea snake (Snake:2)
  2 orange crystal statues
  12 swamp dragons
  2 glowing orange brains (Depths:3)
  4 ironbrand convokers
  6 wizards
  12 naga ritualists
  Pikel (D:6)
  5 shambling mangroves
  7 hill giants
  4 necromancers
  15 deep elf archers
  37 ugly things
  45 deep elf magi
  17 orc knights
  17 salamanders
  18 mana vipers
  2 oklob plants
  2 orc sorcerers (Orc:2)
  2 shining eyes
  5 wolf spiders
  A tengu skeleton (Depths:1)
  5 guardian serpents
  A frost giant skeleton (Depths:1)
  A manticore (D:14)
  6 elephants (Lair:6)
  3 rust devils
  Maurice (Orc:1)
  3 vault sentinels
  A centaur zombie (D:15)
  30 naga magi
  19 spiny frogs
  2 torpor snails
  30 black mambas
  A spiny frog (shapeshifter) (Depths:4)
  An orange demon (Depths:4)
  3 centaur skeletons
  2 smoke demons
  2 storm dragon simulacra
  10 rime drakes
  A kobold demonologist (Elf:1)
  4 freezing wraiths
  48 yaktaurs
  A spriggan zombie (Depths:1)
  A rime drake (shapeshifter) (Depths:1)
  9 komodo dragons
  A yaktaur skeleton (Depths:1)
  A troll (shapeshifter) (Depths:4)
  2 hellwings (Depths:1)
  2 ice devils (Depths:4)
  3 meliai (D:15)
  6 tyrant leeches
  2 red devils
  3 tengu conjurers (Depths:3)
  A queen bee (shapeshifter) (Depths:2)
  21 hornets
  6 polar bears
  6 trolls
  15 two-headed ogres
  8 blink frogs
  Grinder (D:6)
  6 bog bodies
  A raiju (shapeshifter) (D:13)
  5 dream sheep (Lair:5)
  89 slime creatures
  6 hippogriffs
  5 redbacks
  9 air elementals
  A centaur simulacrum (D:14)
  5 wraiths
  2 shadows (Swamp:2)
  8 spriggans
  18 water elementals
  3 vampires
  Eustachio (D:5)
  3 fire elementals
  55 yaks
  3 wyverns
  2 basilisks
  20 humans (D:13)
  2 hungry ghosts
  A neqoxec (Depths:1)
  2 humans (shapeshifter)
  A chaos spawn (Depths:3)
  36 vampire mosquitoes
  A steam dragon (D:11)
  Menkaure (D:6)
  2 mottled dragons
  13 water moccasins
  58 nagas
  14 insubstantial wisps
  3 wargs
  2 soldier ants (shapeshifter)
  26 swamp worms
  6 porcupines
  5 black bears
  10 swamp drakes
  2 sky beasts
  39 orc warriors
  3 ice beasts
  3 eyes of draining
  A black bear (shapeshifter) (Depths:3)
  A slave (D:6)
  5 phantoms
  17 wolves
  26 ogres
  10 centaurs
  4 boggarts
  A yaktaur zombie (Depths:1)
  17 crocodiles
  Blork the orc (D:6)
  A gnoll sergeant (D:9)
  10 bullfrogs
  An earth elemental (Elf:2)
  6 scorpions
  6 wights
  2 human simulacra
  3 killer bees (D:8)
  5 electric eels
  2 howler monkeys
  19 crimson imps
  4 hounds
  5 quasits
  6 jellies
  26 orc priests
  3 bullfrog skeletons
  4 iron imps (Depths:4)
  Jessica (D:2)
  4 iguanas
  7 hell rats (Lair:6)
  27 orc wizards
  4 worker ants
  A howler monkey zombie (D:6)
  15 gnolls
  2 river rats (D:3)
  10 adders
  A howler monkey skeleton (D:11)
  10 shadow imps
  3 white imps
  5 oozes (D:11)
  An adder skeleton (D:7)
  A worm (D:2)
  3 dart slugs
  4 leopard geckos
  95 orcs
  11 giant cockroaches
  10 goblins
  6 hobgoblins
  24 jackals
  5 quokkas
  2 ball pythons
  6 bats
  3 frilled lizards
  26 kobolds
  5 rats
  4 briar patches (Swamp:3)
  2 fungi
  7 plants
1961 creatures vanquished.

Vanquished Creatures (others)
  A deep elf elementalist (Elf:3)
  12 dancing weapons
  A blink frog (Swamp:4)
  A slave (D:6)
  A gnoll (D:6)
  An adder (D:6)
  A briar patch (Swamp:3)
  14 fungi
  10 plants
42 creatures vanquished.

Grand Total: 2003 creatures vanquished

Notes
Turn   | Place    | Note
-------+----------+-------------------------------------------
     0 | D:1      | pokedragonboy the Minotaur Fighter began the quest for the Orb.
     0 | D:1      | Reached XP level 1. HP: 19/19 MP: 0/0
   162 | D:1      | Reached XP level 2. HP: 27/27 MP: 1/1
   725 | D:1      | Reached XP level 3. HP: 30/33 MP: 2/2
   920 | D:2      | Noticed Jessica
   925 | D:2      | Killed Jessica
   925 | D:2      | Reached skill level 4 in Fighting
  1030 | D:2      | Reached XP level 4. HP: 35/40 MP: 3/3
  1658 | D:2      | Reached skill level 1 in Dodging
  2017 | D:3      | Reached XP level 5. HP: 33/47 MP: 4/4
  2364 | D:3      | Found a glowing drain.
  2374 | Sewer    | Entered a sewer
  2600 | Sewer    | Noticed a crocodile
  2612 | Sewer    | Killed a crocodile
  2612 | Sewer    | Reached skill level 5 in Fighting
  2669 | D:3      | Reached skill level 5 in Armour
  2993 | D:4      | Reached XP level 6. HP: 51/56 MP: 5/5
  3076 | D:4      | Reached skill level 5 in Axes
  3361 | D:5      | Entered Level 5 of the Dungeon
  3402 | D:5      | Noticed an ice beast
  3413 | D:5      | Killed an ice beast
  3413 | D:5      | Reached skill level 6 in Fighting
  3413 | D:5      | Reached XP level 7. HP: 36/63 MP: 2/6
  3549 | D:5      | Noticed Eustachio
  3560 | D:5      | Killed Eustachio
  3592 | D:5      | Found a staircase to the Ecumenical Temple.
  3641 | Temple   | Entered the Ecumenical Temple
  3780 | Temple   | Became a worshipper of Gozag Ym Sagoz the Greedy
  3838 | D:5      | Found Reer Ene's Food Emporium.
  3846 | D:5      | Bought a meat ration for 60 gold pieces
  3846 | D:5      | Bought a meat ration for 60 gold pieces
  3846 | D:5      | Bought a meat ration for 60 gold pieces
  4195 | D:6      | Noticed Grinder
  4203 | D:6      | Killed Grinder
  4203 | D:6      | Reached skill level 7 in Fighting
  4203 | D:6      | Reached XP level 8. HP: 51/73 MP: 2/7
  4376 | D:6      | Noticed Pikel
  4380 | D:6      | Killed Pikel
  4380 | D:6      | Reached skill level 8 in Fighting
  4409 | D:6      | Noticed Blork the orc
  4414 | D:6      | Killed Blork the orc
  4671 | D:6      | Noticed Menkaure
  4678 | D:6      | Killed Menkaure
  4678 | D:6      | Reached XP level 9. HP: 37/82 MP: 2/8
  5156 | D:7      | Found Atioruirey's Book Boutique.
  5205 | D:7      | Reached skill level 9 in Fighting
  5257 | D:7      | Noticed scalarboson's ghost (novice MiFi)
  5272 | D:7      | Killed scalarboson's ghost
  5272 | D:7      | Reached skill level 5 in Dodging
  6152 | D:8      | Reached skill level 10 in Fighting
  6702 | D:9      | Reached skill level 10 in Axes
  6851 | D:9      | Reached XP level 10. HP: 88/94 MP: 6/9
  6891 | D:9      | Found a bloodstained altar of Trog.
  7057 | D:9      | Noticed Erolcha
  7058 | D:9      | Noticed a green ugly thing
  7068 | D:9      | Killed Erolcha
  7068 | D:9      | Reached skill level 11 in Fighting
  7078 | D:9      | Killed a green ugly thing
  7456 | D:9      | Found a staircase to the Orcish Mines.
  7792 | D:10     | Entered Level 10 of the Dungeon
  7894 | D:10     | Found a flagged portal.
  7913 | Bailey   | Entered a bailey
  7921 | Bailey   | Noticed an orc knight
  7928 | Bailey   | Noticed an orc knight
  7928 | Bailey   | Noticed an orc knight
  7984 | Bailey   | Killed an orc knight
  8039 | Bailey   | Got warped fire dragon scales
  8149 | Bailey   | Killed an orc knight
  8149 | Bailey   | Reached skill level 1 in Crossbows
  8156 | Bailey   | Killed an orc knight
  8852 | Bailey   | Identified the +8 fire dragon scales "Dodequnu" {+Blink rPois rF++ rC-} (You took it off a kobold in a bailey)
  9032 | D:10     | Found Uloum's Jewellery Shoppe.
  9035 | D:10     | Bought an uncursed ring of protection from cold for 275 gold pieces
  9035 | D:10     | Bought a +2 ring of intelligence for 82 gold pieces
  9084 | D:10     | Noticed Harold
  9112 | D:10     | Killed Harold
  9112 | D:10     | Reached skill level 12 in Fighting
  9112 | D:10     | Reached XP level 11. HP: 91/104 MP: 10/10
  9553 | D:11     | Found Duduw's Antique Armour Shoppe.
  9602 | D:11     | Noticed a skeletal warrior
  9602 | D:11     | Noticed a skeletal warrior
  9984 | D:11     | Noticed a skeletal warrior
  9996 | D:11     | Killed a skeletal warrior
 10150 | D:11     | Got a crude war axe
 10151 | D:11     | Identified the +3 war axe of Due Proportion {antimagic, rElec Str+2 Int+3} (You found it on level 11 of the Dungeon)
 10176 | D:11     | Found a hazy altar of Hepliaklqana.
 10408 | D:11     | Found a glowing silver altar of Zin.
 10408 | D:11     | Noticed an oklob plant
 10417 | D:11     | Killed an oklob plant
 10838 | D:11     | Noticed a hill giant
 10972 | D:11     | Killed a skeletal warrior
 10984 | D:11     | Killed a skeletal warrior
 11454 | D:10     | Killed a hill giant
 11716 | D:11     | Found a staircase to the Lair.
 11750 | Lair:1   | Entered Level 1 of the Lair of Beasts
 11753 | Lair:1   | Found a shattered altar of Ashenzari.
 12045 | Lair:1   | Reached skill level 13 in Fighting
 12045 | Lair:1   | Reached skill level 10 in Armour
 12656 | Lair:2   | Reached XP level 12. HP: 115/115 MP: 11/11
 13020 | Lair:2   | Found a staircase to the Swamp.
 13445 | Lair:2   | Noticed a death yak
 13450 | Lair:2   | Killed a death yak
 13450 | Lair:2   | Reached skill level 5 in Crossbows
 14053 | Lair:3   | Reached skill level 14 in Fighting
 14269 | Lair:3   | Noticed a catoblepas
 14278 | Lair:3   | Killed a catoblepas
 14440 | Lair:3   | Noticed a four-headed hydra
 14447 | Lair:3   | Killed a one-headed hydra
 15067 | Lair:4   | Found a staircase to the Snake Pit.
 15489 | Lair:5   | Reached XP level 13. HP: 109/125 MP: 9/12
 15917 | Lair:5   | Found a viscous altar of Jiyva.
 15917 | Lair:5   | Found a staircase to the Slime Pits.
 16206 | Lair:6   | Entered Level 6 of the Lair of Beasts
 16552 | Lair:6   | Got a distressingly furry large shield
 16559 | Lair:6   | Identified the +4 large shield "Geosaogg" {rCorr} (You found it on level 6 of the Lair of Beasts)
 16841 | Lair:6   | Reached skill level 15 in Fighting
 16841 | Lair:6   | Reached skill level 15 in Axes
 16875 | Lair:6   | Reached skill level 10 in Dodging
 18190 | Lair:6   | Reached XP level 14. HP: 135/136 MP: 13/13
 19007 | Lair:6   | Reached skill level 16 in Fighting
 19118 | Lair:6   | Gained mutation: You are agile. (Dex +2) [potion of beneficial mutation]
 19119 | Lair:6   | Gained mutation: You have large cloven feet. [potion of beneficial mutation]
 19376 | D:11     | Bought faintly humming gold dragon scales for 1700 gold pieces
 19387 | D:11     | Identified the +1 gold dragon scales "Xeocohuroe" {rPois rF+ rC+ Str+2 Dex+4} (You bought it in a shop on level 11 of the Dungeon)
 19674 | D:12     | Found Acacop's Antique Artefacts.
 19680 | D:12     | Bought a scintillating bronze ring for 155 gold pieces
 19681 | D:12     | Identified the ring of Voynekhud {*Drain rElec Str+6 Dex+4 Stlth+} (You bought it in a shop on level 12 of the Dungeon)
 20415 | D:13     | Found Imatsauf's Weapon Emporium.
 20934 | D:13     | Found a gate to the Vaults.
 21373 | D:13     | Noticed Urug
 21385 | D:13     | Killed Urug
 21686 | Orc:1    | Entered Level 1 of the Orcish Mines
 21686 | Orc:1    | Noticed Maurice
 21694 | Orc:1    | Killed Maurice
 21757 | Orc:1    | Found a roughly hewn altar of Beogh.
 21759 | Orc:1    | Found an iron altar of Okawaru.
 21817 | Orc:1    | Found Hzaitico's Humungous Hoard.
 21831 | Orc:1    | Bought a wand of heal wounds (3/9) for 504 gold pieces
 21831 | Orc:1    | Bought a +2 hat for 192 gold pieces
 22212 | Orc:2    | Entered Level 2 of the Orcish Mines
 22236 | Orc:2    | Found a roughly hewn altar of Beogh.
 22539 | Orc:2    | Found a roughly hewn altar of Beogh.
 22540 | Orc:2    | Found Mouqifig's Distillery.
 22573 | Orc:2    | Bought a potion of cancellation for 112 gold pieces
 22573 | Orc:2    | Bought a potion of agility for 56 gold pieces
 22573 | Orc:2    | Bought a potion of might for 56 gold pieces
 22573 | Orc:2    | Bought a potion of heal wounds for 70 gold pieces
 22653 | Orc:2    | Noticed an orc warlord
 22655 | Orc:2    | Found a staircase to the Elven Halls.
 22663 | Orc:2    | Killed an orc warlord
 22680 | Orc:2    | Noticed an orc warlord
 22690 | Orc:2    | Reached skill level 17 in Fighting
 22696 | Orc:2    | Killed an orc warlord
 22696 | Orc:2    | Reached XP level 15. HP: 147/147 MP: 14/14
 22715 | Orc:2    | Found Bifamoh's Antique Weapon Shop.
 22717 | Orc:2    | Found a roughly hewn altar of Beogh.
 22719 | Orc:2    | Found Likoc's Antique Armour Boutique.
 23026 | Orc:2    | Found a roughly hewn altar of Beogh.
 23157 | Orc:2    | Found a roughly hewn altar of Beogh.
 23172 | Orc:2    | Found Silox's Food Shoppe.
 23227 | Orc:2    | Found a roughly hewn altar of Beogh.
 23851 | D:14     | Noticed Rupert
 23859 | D:14     | Killed Rupert
 24051 | D:15     | Entered Level 15 of the Dungeon
 24584 | D:15     | Found a staircase to the Depths.
 25075 | D:15     | Bought a scroll of teleportation for 48 gold pieces
 25075 | D:15     | Bought a phial of floods for 640 gold pieces
 25075 | D:15     | Bought a scroll of fear for 56 gold pieces
 25342 | Swamp:1  | Entered Level 1 of the Swamp
 26483 | Swamp:2  | Reached skill level 18 in Fighting
 27136 | Swamp:3  | Noticed a thorn hunter
 27154 | Swamp:3  | Killed a thorn hunter
 27154 | Swamp:3  | Reached skill level 10 in Crossbows
 27517 | Swamp:3  | Reached XP level 16. HP: 76/157 MP: 7/15
 28249 | Swamp:4  | Entered Level 4 of the Swamp
 28977 | Swamp:4  | Paralysed by a hornet for 2 turns
 29134 | Swamp:4  | Got a decaying rune of Zot
 29194 | Swamp:4  | Noticed Louise
 29208 | Swamp:4  | Killed Louise
 29520 | Swamp:4  | Reached skill level 19 in Fighting
 30192 | Snake:1  | Entered Level 1 of the Snake Pit
 30192 | Snake:1  | Noticed Agnes
 30202 | Snake:1  | Killed Agnes
 31290 | Snake:1  | Reached XP level 17. HP: 168/168 MP: 16/16
 31361 | Snake:2  | Found Hysy's Book Shop.
 31964 | Snake:2  | Noticed Bailgrim's ghost (adept DsTm)
 31966 | Snake:2  | Noticed Aizul
 31984 | Snake:2  | Killed Aizul
 31984 | Snake:2  | Reached skill level 15 in Armour
 32004 | Snake:2  | Killed Bailgrim's ghost
 32927 | Snake:2  | Gained mutation: You have a pair of large horns on your head. [potion of beneficial mutation]
 32928 | Snake:2  | Lost mutation: You have a pair of large horns on your head. [potion of cure mutation]
 32928 | Snake:2  | Lost mutation: You have large cloven feet. [potion of cure mutation]
 32928 | Snake:2  | Lost mutation: You are agile. (Dex +2) [potion of cure mutation]
 33373 | Snake:3  | Reached skill level 20 in Fighting
 33821 | Snake:3  | Got a crude war axe
 33822 | Snake:3  | Identified the +5 war axe "Bamamust" {protect, MR+ Str+5 Dex+2} (You found it on level 3 of the Snake Pit)
 34172 | Snake:4  | Entered Level 4 of the Snake Pit
 34354 | Snake:4  | Reached XP level 18. HP: 108/179 MP: 17/17
 35335 | Snake:4  | Got a serpentine rune of Zot
 35765 | Snake:4  | Reached skill level 21 in Fighting
 36288 | Snake:4  | Bought an embroidered cloak for 273 gold pieces
 36301 | Snake:4  | Bought an embroidered cloak for 273 gold pieces
 36680 | Elf:1    | Entered Level 1 of the Elven Halls
 37433 | Snake:4  | Bought a +2 cloak of magic resistance for 344 gold pieces
 37928 | Elf:1    | Found Manil's Armour Emporium.
 38932 | Elf:2    | Reached skill level 1 in Evocations
 38994 | Elf:2    | Reached XP level 19. HP: 175/190 MP: 15/18
 39238 | Elf:2    | Found a runed gate.
 39239 | Elf:2    | Found a runed gate.
 39239 | Elf:2    | Found a runed gate.
 39478 | Elf:3    | Entered Level 3 of the Elven Halls
 40216 | Elf:2    | Reached skill level 22 in Fighting
 40495 | Elf:3    | Reached skill level 15 in Dodging
 40890 | Elf:3    | Reached skill level 1 in Throwing
 42260 | Elf:3    | Noticed a Tzitzimitl
 43095 | Depths:1 | Entered Level 1 of the Depths
 43418 | Depths:1 | Reached XP level 20. HP: 191/202 MP: 20/22
 43431 | Depths:1 | Reached skill level 5 in Evocations
 43666 | Depths:1 | Reached skill level 23 in Fighting
 43780 | Depths:1 | Found a shattered altar of Ashenzari.
 44200 | Depths:1 | Found a one-way gate leading to the halls of Pandemonium.
 44204 | Depths:1 | Gained mutation: You tend to lose your temper in combat. [a neqoxec]
 44212 | Depths:1 | Lost mutation: You tend to lose your temper in combat. [potion of cure mutation]
 44383 | Depths:1 | Bought the ring of Bunuleg {*Drain rN+ MR+++ Str+2 Int+2} for 574 gold pieces
 44805 | Depths:1 | Found a gateway to Hell.
 44903 | Depths:1 | Got a polished cloak
 44914 | Depths:1 | Identified the cursed +0 cloak of Space {rElec rCorr Dex+6 Stlth-} (You found it on level 1 of the Depths)
 46536 | Depths:2 | Reached XP level 21. HP: 200/212 MP: 22/25
 47115 | Depths:3 | Found a radiant altar of Vehumet.
 47301 | Depths:3 | Got a polished hat
 47312 | Depths:3 | Identified the +3 hat "Jajen" {Str+6} (You found it on level 3 of the Depths)
 48020 | Depths:3 | Reached skill level 24 in Fighting
 48359 | Depths:3 | Noticed a juggernaut
 48378 | Depths:3 | Killed a juggernaut
 49454 | Depths:4 | Found a one-way gate to the infinite horrors of the Abyss.
 49564 | Depths:4 | Noticed a golden dragon
 49574 | Depths:4 | Killed a golden dragon
 49689 | Depths:4 | Reached XP level 22. HP: 177/224 MP: 27/27
 49824 | Depths:4 | Noticed a golden dragon
 51096 | Depths:5 | Entered Level 5 of the Depths
 51187 | Depths:5 | Noticed a golden dragon
 51201 | Depths:5 | Killed a golden dragon
 51727 | Depths:5 | Reached skill level 25 in Fighting
 52095 | Depths:5 | Noticed a golden dragon
 52111 | Depths:5 | Killed a golden dragon
 52141 | Depths:5 | Found a gate to the Realm of Zot.
 52669 | Depths:5 | Found a gateway to a ziggurat.
 53364 | Depths:5 | Noticed a golden dragon
 53373 | Depths:5 | Killed a golden dragon
 53673 | Vaults:1 | Entered Level 1 of the Vaults
 54162 | Vaults:1 | Reached XP level 23. HP: 204/234 MP: 28/28
 54274 | Vaults:1 | Reached skill level 15 in Crossbows
 55390 | Vaults:2 | Bought a +1 pair of boots of flying for 264 gold pieces
 56560 | Vaults:2 | Found a staircase to the Crypt.
 57149 | Slime:1  | Entered Level 1 of the Pits of Slime
 57166 | Slime:1  | Reached skill level 26 in Fighting
 57348 | Slime:3  | Reached skill level 10 in Evocations
 57620 | Slime:4  | Gained mutation: Your magical capacity is low. (-10% MP) [a shining eye]
 57751 | Slime:5  | Entered Level 5 of the Pits of Slime
 57787 | Slime:5  | Noticed the Royal Jelly
 57805 | Slime:5  | Killed the Royal Jelly
 57835 | Slime:5  | Blown up by an eye of devastation

Vault maps used:
D:1:      zelgadis_glass_arrival_small, glass_columns_a
D:2:      minmay_door_path, uniq_jessica
D:3:      portal_sewer_entry_e, first_bread
D:5:      serial_shops, nicolae_shop_crystal, uniq_eustachio
D:6:      uniq_pikel, uniq_menkaure, uniq_grinder, uniq_blork_the_orc
D:7:      serial_shops, shop, roderic_roman_lattice
D:8:      dk_rats_in_the_wall
D:9:      orc_0_dummy, trog_three_pillars_becter, uniq_erolcha
D:10:     serial_shops, nicolae_shop_behind_doors, enter_bailey_2, uniq_harold
D:11:     lair_0_dummy, serial_shops, shop, basic_altar,
          hangedman_little_slice_of_home, minmay_misc_feat_square,
          lemuel_oklob_altar
D:12:     nicolae_antique_artefacts
D:13:     grunt_vaults_entry_tiered, serial_shops, shop, uniq_urug
D:14:     kennysheep_nondescript, uniq_rupert
D:15:     hangedman_depths_entry_civil_slaughter, serial_park_paths,
          nicolae_sextant
Temple:   kilobyte_greek_temple
Lair:1:   basic_altar, grunt_forest_large_clearing_hut,
          infiniplex_staircase_pool
Lair:2:   beast_lair_carwin_large_3, nicolae_swamp_entry_splash_gauntlet,
          bh_autumn_forest_stairs
Lair:3:   serial_bayou, serial_bayou_pond_e, serial_bayou_pond_a,
          serial_bayou_shore_a, serial_bayou_ford_a, serial_bayou_shore_b,
          serial_bayou_pond_e, infiniplex_staircase_pool_2, lemuel_fruit_tree
Lair:4:   guppyfry_snake_entry_garden
Lair:5:   dpeg_slime_entry_enclosed_altar, kennysheep_catoblepas_arena
Lair:6:   grunt_lair_end_beastmaster, minmay_lair_drake_nest
Swamp:1:  evilmike_swamp_ruin_rubble_2, swamp_pool3
Swamp:2:  evilmike_swamp_ruin_house_1, hangedman_swamp_pad, swamp_pool4
Swamp:3:  hangedman_swamp_ruin_hall
Swamp:4:  swamp_alternative, uniq_louise
Snake:1:  nicolae_snake_single_loop, dpeg_stationary_puzzle, uniq_agnes
Snake:2:  hangedman_cross_stitches, serial_shops, shop_statue,
          guppyfry_snake_island, uniq_aizul
Snake:4:  snake_pit, spider_trap, stair_cage_line
Slime:2:  cheibrodos_slime_lost_civilization_2
Slime:3:  nicolae_slime_barrier
Orc:1:    nicolae_orc_accident_3, basic_altar, nicolae_alphabet_shops,
          okawaru_metal_pillars_1_2, uniq_maurice
Orc:2:    grunt_orc_community_town_hall, grunt_orc_community_big_house_2,
          grunt_orc_community_big_house_1, grunt_orc_community_house_2,
          grunt_orc_community_house_3, grunt_orc_community_house_3,
          grunt_orc_community_house_2, grunt_orc_community_house_2,
          grunt_orc_community_house_3
Elf:1:    serial_shops, nicolae_shop_crystal, hangedman_elf_disciples
Elf:2:    special_room
Elf:3:    minmay_elf_hall_hex
Vaults:1: hangedman_vaults_stream, hangedman_vaults_nails,
          nicolae_vaults_angled_halls, v_misc_25,
          ontoclasm_vaults_decontamination, grunt_vaults_bifocal,
          ontoclasm_vaults_fault, nicolae_vaults_little_squares_6,
          vaults_room_grunt_arrival_ludios
Vaults:2: nicolae_vaults_what_the_h, v_misc_12, minmay_crypt_entry_simple_round,
          nicolae_vaults_asterisk, v_misc_26, vaults_room_fours,
          hangedman_vaults_variations, nicolae_vaults_little_ls,
          nicolae_vaults_specimen_jars, v_misc_10, nicolae_vaults_statue_guard,
          nicolae_vaults_little_squares_3, ontoclasm_vaults_hangar, uniq_sojobo
Depths:1: minmay_blocking_statues, grunt_pan_entry_in_and_out,
          chequers_big_river, hangedman_coc_ice_floe, kennysheep_doodads,
          hangedman_decor_push, moated_statue, evilmike_ruin_ashenzari
Depths:2: nooodl_glass_maze, hell_entry, eino_curves_02, minmay_three_doors,
          serial_bayou_shore_b, minmay_staircase_bubble
Depths:3: kennysheep_snake, rand_demon_pan_entry_7, kennysheep_crisscross,
          hell_entry, grunt_tower_of_power
Depths:4: hangedman_stitches_corridor, grunt_hell_entry_demonic_statue,
          abyss_entry, pan_entry
Depths:5: grunt_zot_entry_gee_three, enter_ziggurat_d, hell_entry,
          grunt_decor_arrowhead, water_boxes_lemuel
Sewer:    sewer_the_crocodile
Bailey:   bailey_axe_4, bailey

Skill      XL: |  1  2  3  4  5  6  7  8  9 10 11 12 13 14 15 16 17 18 19 20 21 22 23 |
---------------+----------------------------------------------------------------------+-----
Shields        | 4 |  4.3
Armour         | 4 5 6 7 9 10 11 12 13 14 15 16 17 18 19 | 19.9
Fighting       | 4 5 6 7 8 10 12 13 14 15 17 18 19 20 21 22 23 24 25 26 | 26.2
Axes           | 3 4 5 6 8 10 11 13 14 15 16 18 19 20 21 22 23 | 23.1
Dodging        | 1 2 3 4 5 7 8 9 10 11 12 13 14 15 16 17 18 | 18.1
Crossbows      | 2 4 6 7 8 10 12 13 14 15 | 15.7
Evocations     | 1 4 6 8 9 10 | 10.2
Throwing       | 3 |  3.1

Action                   |  1- 3 |  4- 6 |  7- 9 | 10-12 | 13-15 | 16-18 | 19-21 | 22-24 || total
-------------------------+-------+-------+-------+-------+-------+-------+-------+-------++-------
Melee: War axe           |    60 |   152 |    40 |       |       |       |       |       ||   252
       Headbutt          |     9 |    18 |    44 |   110 |   268 |   327 |   352 |   332 ||  1460
       Battleaxe         |       |       |   159 |   558 |   978 |  1017 |   949 |   863 ||  4524
 Fire: Hand crossbow     |       |       |       |     6 |    10 |       |       |       ||    16
Throw: Tomahawk          |       |       |     1 |     6 |     1 |     2 |     5 |       ||    15
Invok: Potion Petition   |       |       |     1 |     3 |     3 |     4 |     6 |     5 ||    22
       Call Merchant     |       |       |       |       |     1 |     2 |     1 |     1 ||     5
 Abil: Stop Flying       |       |       |       |       |       |     1 |       |       ||     1
       Evoke Flight      |       |       |       |       |       |     1 |       |       ||     1
Evoke: Wand              |       |       |       |     4 |     1 |     5 |     7 |     5 ||    22
  Use: Scroll            |       |     8 |    11 |     8 |    23 |     7 |    11 |    10 ||    78
       Potion            |       |     2 |     4 |    13 |     8 |    25 |     5 |     4 ||    61
 Stab: Distracted        |       |       |       |       |     5 |    11 |    21 |    13 ||    50
       Invisible         |       |       |       |       |    18 |     1 |    32 |    13 ||    64
       Petrified         |       |       |       |       |    11 |       |       |       ||    11
       Petrifying        |       |       |       |       |     1 |       |       |       ||     1
       Confused          |       |       |       |       |       |     1 |       |       ||     1
  Eat: Fruit             |       |     4 |       |     1 |     3 |     3 |     4 |     2 ||    17
       Chunk             |       |     2 |       |       |       |       |       |       ||     2
       Bread ration      |       |     1 |       |     1 |       |     1 |     1 |     2 ||     6
       Meat ration       |       |       |     3 |     2 |     3 |     5 |     5 |     3 ||    21
       Pizza             |       |       |     3 |     2 |     1 |       |       |       ||     6
       Royal jelly       |       |       |     1 |     4 |     9 |     1 |       |       ||    15
       Beef jerky        |       |       |       |     1 |     1 |     3 |     1 |     1 ||     7
Armor: Scale mail        |    27 |    74 |       |       |       |       |       |       ||   101
       Plate armour      |       |    25 |   162 |   103 |       |       |       |       ||   290
       Fire dragon scale |       |       |       |   254 |   188 |       |       |       ||   442
       Gold dragon scale |       |       |       |       |   343 |   542 |   342 |   396 ||  1623
Dodge: Dodged            |    20 |    77 |    96 |   389 |   626 |   639 |   510 |   648 ||  3005
Block: Shield            |    30 |   124 |    22 |       |       |       |       |       ||   176
       Other             |       |       |       |       |       |       |     5 |    48 ||    53
       Reflection        |       |       |       |       |       |       |       |     4 ||     4
